National vs Little Stars
Created - 16 mars 2015 at 19:23
Goals
|
| National |
1 |
3 |
3 |
0 |
1 |
8 |
| Little Stars |
1 |
4 |
2 |
0 |
0 |
7 |
|
Shots
|
| National |
6 |
19 |
16 |
1 |
3 |
42 |
| Little Stars |
9 |
17 |
17 |
5 |
3 |
48 |
|
1st period
1. National , Pasi Salonen 31 (Jonathan Cheechoo, Marek Zagrapan) at 2:06
2. Little Stars , Raphael Diaz 6 (Chris Dingman, Kyle Okposo) at 6:31
Penalties :
Matt Pelech (Tex) for Goalie Interference (Minor) at 11:38, William Colbert (Que) for Tripping (Minor) at 14:53
2nd period
3. National , Guillaume Desbiens 43 (Janne Niskala, Mikael Backlund) at 0:06
4. National , Jonathan Cheechoo 32 (William Colbert, Pasi Salonen) at 3:12
5. Little Stars , Ryan Vesce 36 (Cory Murphy) at 8:58
6. National , Guillaume Desbiens 44 (Nick Schultz, Rico Fata) at 9:06
7. Little Stars , Cody Bass 20 (Ryan Vesce) at 11:59 (PP)
8. Little Stars , Cory Murphy 5 (Clay Wilson, Kyle Okposo) at 13:33
9. Little Stars , Marcus Kruger 37 (Cory Murphy, Chris Dingman) at 13:53 (PP)
Penalties :
Tyler Plante (Que) for Slashing (Minor) at 3:45 - Nick Schultz served the penalty, Chris Dingman (Tex) for Hooking (Minor) at 9:17, Johannes Salmonsson (Que) for Charging (Minor) at 11:26, Janne Niskala (Que) for Boarding (Minor) at 13:36
3rd period
10. Little Stars , Cody Bass 21 (Cory Murphy, Ryan Vesce) at 5:04
11. National , Jonathan Matsumoto 14 (Johannes Salmonsson, Marek Zagrapan) at 5:36
12. National , Guillaume Desbiens 45 (Nick Schultz) at 5:54 (PP)
13. National , Guillaume Desbiens 46 (Mikael Backlund, Erik Gustafsson) at 7:30
14. Little Stars , Ryan Vesce 37 (Jesse Joensuu, Cody Bass) at 16:31 (PP)
Penalties :
William Colbert (Que) for Cross-checking (Minor) at 0:59, Jesse Joensuu (Tex) for Holding (Minor) at 5:44, Guillaume Desbiens (Que) for Hooking (Minor) at 8:21, Dustin Kohn (Que) for Tripping (Minor) at 16:16, Chris Dingman (Tex) for Hooking (Minor) at 19:26
Overtime #1
No Goal
Penalties :
No Penalty
Shootout
Penalty Shot by Mikael Backlund for National - Stopped by Erik Ersberg
Penalty Shot by Chris Dingman for Little Stars - Stopped by Tyler Plante
Penalty Shot by Marek Zagrapan for National - Goal!
Penalty Shot by Kyle Okposo for Little Stars - Stopped by Tyler Plante
Penalty Shot by Guillaume Desbiens for National - Stopped by Erik Ersberg
Penalty Shot by Ryan Vesce for Little Stars - Stopped by Tyler Plante
Penalties :
No Penalty
Goalie Stats
Tyler Plante (Que), 41 saves from 48 shots - (0,854), W, 15-11-0, 65:00 minutes
Ben Scrivens (Tex), 11 saves from 15 shots - (0,733), 29:06 minutes
Erik Ersberg (Tex), 24 saves from 27 shots - (0,889), OTL, 32-13-9, 35:54 minutes
Players Stats for National
Player Name G A P +/- PIM S H SB GA TA FO MP PP MP PK MP
------------------------------------------------------------------------------------
David Desharnais 0 0 0 -2 0 3 1 0 0 0 1/1 9:10 0:00 1:24
Denis Bodrov 0 0 0 1 0 2 0 0 0 0 0/0 9:40 0:00 0:00
Dustin Kohn 0 0 0 2 2 1 1 0 0 0 0/0 22:15 2:11 3:00
Erik Gustafsson 0 1 1 1 0 0 0 1 0 0 0/0 12:44 0:00 3:07
Guillaume Desbiens 4 0 4 1 2 4 3 0 3 0 1/1 18:51 2:41 0:00
Igor Makarov 0 0 0 -2 0 1 1 1 1 0 0/0 6:19 0:00 0:00
Janne Niskala 0 1 1 -1 2 0 4 7 1 1 0/0 33:03 2:30 5:41
Johannes Salmonsson 0 1 1 1 2 1 0 0 0 0 0/0 10:52 0:00 0:00
Jonathan Cheechoo 1 1 2 2 0 3 1 0 1 0 2/3 17:50 2:00 2:21
Jonathan Matsumoto 1 0 1 1 0 5 2 1 0 1 1/7 10:19 0:00 0:00
Magnus Paajarvi-Svensson 0 0 0 -2 0 1 1 0 0 0 1/1 9:25 0:00 1:02
Marek Zagrapan 0 2 2 2 0 2 3 1 1 1 5/10 18:35 2:00 2:21
Mikael Backlund 0 2 2 1 0 5 2 5 1 1 26/51 27:05 2:41 5:33
Nick Schultz 0 2 2 -1 0 5 2 2 1 0 0/0 31:58 2:30 4:26
Pasi Salonen 1 1 2 2 0 5 2 0 1 0 1/1 22:26 2:00 5:21
Pat Dwyer 0 0 0 1 0 0 0 0 0 0 0/0 10:19 0:00 0:00
Rico Fata 0 1 1 1 0 3 4 2 1 0 1/1 18:41 2:41 0:00
William Colbert 0 1 1 2 4 1 3 0 1 0 0/0 21:21 2:11 1:48
Players Stats for Little Stars
Player Name G A P +/- PIM S H SB GA TA FO MP PP MP PK MP
------------------------------------------------------------------------------------
Alexander Vasyunov 0 0 0 -1 0 0 0 0 0 0 0/0 8:01 0:00 0:42
Cameron Schilling 0 0 0 -1 0 1 1 1 0 1 0/0 22:51 2:58 2:07
Carl Hagelin 0 0 0 -1 0 2 0 0 0 0 2/3 10:16 0:03 0:00
Chris Dingman 0 2 2 -2 4 4 2 3 3 3 1/4 25:01 5:23 1:16
Clay Wilson 0 1 1 -2 0 10 0 5 0 2 0/0 32:30 6:03 4:00
Cody Bass 2 1 3 2 0 3 1 0 0 1 5/19 16:36 3:35 0:00
Corey Trivino 0 0 0 -1 0 1 0 0 0 0 7/10 12:05 0:00 2:31
Cory Murphy 1 3 4 -2 0 10 2 3 0 2 0/0 32:30 6:03 4:00
Hugh Jessiman 0 0 0 -1 0 0 1 0 0 0 0/0 8:57 0:02 0:40
Jared Spurgeon 0 0 0 1 0 0 0 3 0 0 0/0 9:39 0:00 0:00
Jesse Joensuu 0 1 1 2 2 2 1 0 0 0 0/0 16:47 3:35 0:11
Kyle Okposo 0 2 2 -2 0 2 3 1 0 1 0/3 26:33 5:23 2:56
Landon Ferraro 0 0 0 -1 0 0 0 0 0 0 2/3 8:49 0:00 1:29
Marcus Kruger 1 0 1 -2 0 4 1 0 0 0 19/33 22:23 5:23 0:23
Matt Halischuk 0 0 0 -1 0 0 2 1 1 0 0/0 10:18 0:03 0:00
Matt Pelech 0 0 0 1 2 0 0 0 0 0 0/0 9:41 0:00 0:00
Raphael Diaz 1 0 1 -1 0 2 0 2 0 1 0/0 22:51 2:58 2:07
Ryan Vesce 2 2 4 2 0 7 3 1 0 1 1/1 18:01 3:36 0:40
3 Stars
1 - Guillaume Desbiens (Que)
2 - Ryan Vesce (Tex)
3 - Cody Bass (Tex)
Power Play
National - 1 on 4 Attempt(s) - 25,00%
Little Stars - 3 on 7 Attempt(s) - 42,86%
Penalty Kill
National - 4 on 7 Attempt(s) - 57,14%
- Score 0 goal in Penalty Kill
Little Stars - 3 on 4 Attempt(s) - 75,00%
- Score 0 goal in Penalty Kill
Team Stat
National - Hits : 30 - Faceoff Wins : 39 - Blocked Shots : 20 - Penalty Minutes : 12
Little Stars - Hits : 17 - Faceoff Wins : 37 - Blocked Shots : 20 - Penalty Minutes : 8
Official
Referees : Lee Chris and Sutherland Kelly
Linesman : Tony Sericolo and Lyle Seitz
Game Notes
Erik Ersberg enters game at 9:06 of 2nd period
Guillaume Desbiens has scored a Hat Trick!
Finance
Level 1 -- Attendance: 1556 (77,80%) -- Ticket Income 54 460 $
Level 2 -- Attendance: 682 (68,20%) -- Ticket Income 10 230 $
Total Attendance: 2238 (74,60%)
Total Ticket Income: 64 690 $
Other Income: 3 234 $
Total Income: 67 924 $
National
5 vs 5 Forward
Center Left Wing Right Wing Time % Phy DF OF
1 Mikael Backlund Rico Fata Guillaume Desbiens 40 0 2 3
2 Marek Zagrapan Pasi Salonen Jonathan Cheechoo 30 0 2 3
3 Jonathan Matsumoto Johannes Salmonsson Pat Dwyer 20 1 2 2
4 David Desharnais Magnus Paajarvi-Svensson Igor Makarov 10 1 2 2
5 vs 5 Defense
Defense Defense Time % Phy DF OF
1 Janne Niskala Nick Schultz 40 1 2 2
2 Dustin Kohn William Colbert 30 1 2 2
3 Denis Bodrov Erik Gustafsson 20 1 2 2
4 Janne Niskala Nick Schultz 10 1 2 2
PowerPlay Forward
Center Left Wing Right Wing Time % Phy DF OF
1 Mikael Backlund Rico Fata Guillaume Desbiens 60 0 1 4
2 Marek Zagrapan Pasi Salonen Jonathan Cheechoo 40 0 1 4
PowerPlay Defense
Defense Defense Time % Phy DF OF
1 Janne Niskala Nick Schultz 60 0 2 3
2 Dustin Kohn William Colbert 40 0 2 3
Penalty Kill 4 Players Forward
Center Wing Time % Phy DF OF
1 Mikael Backlund Pasi Salonen 60 1 4 0
2 Marek Zagrapan Jonathan Cheechoo 40 1 4 0
Penalty Kill 4 Players Defense
Defense Defense Time % Phy DF OF
1 Janne Niskala Nick Schultz 60 1 4 0
2 Dustin Kohn William Colbert 40 1 4 0
Penalty Kill - 3 Players Forward
Forward Time % Phy DF OF
1 Rico Fata 60 1 4 0
2 Pasi Salonen 40 1 4 0
Penalty Kill - 3 Players Defense
Defense Defense Time % Phy DF OF
1 Janne Niskala Nick Schultz 60 1 4 0
2 Dustin Kohn William Colbert 40 1 4 0
4 vs 4 Forward
Center Wing Time % Phy DF OF
1 Mikael Backlund Pasi Salonen 60 0 2 3
2 Marek Zagrapan Jonathan Cheechoo 40 0 2 3
4 vs 4 Defense
Defense Defense Time % Phy DF OF
1 Janne Niskala Nick Schultz 60 1 2 2
2 Dustin Kohn William Colbert 40 1 2 2
Last Minutes Offensive
Center Left Wing Right Wing Defense Defense
Mikael Backlund Rico Fata Guillaume Desbiens William Colbert Nick Schultz
Last Minutes Defensive
Center Left Wing Right Wing Defense Defense
Mikael Backlund Rico Fata Guillaume Desbiens William Colbert Nick Schultz
Goaltenders
Starting : Tyler Plante
Backup : Keith Kinkaid
Extra Forwards
Normal : Marek Zagrapan, Magnus Paajarvi-Svensson, Mikael Backlund - PP : Marek Zagrapan, Mikael Backlund - PK : David Desharnais
Extra Defensemen
Normal : William Colbert, Erik Gustafsson, Janne Niskala - PP : Erik Gustafsson - PK : Erik Gustafsson, Nick Schultz
Penalty Shots
Mikael Backlund, Marek Zagrapan, Guillaume Desbiens, Jonathan Cheechoo, Pasi Salonen
Little Stars
5 vs 5 Forward
Center Left Wing Right Wing Time % Phy DF OF
1 Marcus Kruger Chris Dingman Kyle Okposo 40 1 2 2
2 Cody Bass Jesse Joensuu Ryan Vesce 30 1 2 2
3 Corey Trivino Carl Hagelin Matt Halischuk 20 1 2 2
4 Landon Ferraro Alexander Vasyunov Hugh Jessiman 10 1 2 2
5 vs 5 Defense
Defense Defense Time % Phy DF OF
1 Cory Murphy Clay Wilson 40 1 2 2
2 Raphael Diaz Cameron Schilling 30 1 2 2
3 Jared Spurgeon Matt Pelech 20 1 2 2
4 Cory Murphy Clay Wilson 10 1 2 2
PowerPlay Forward
Center Left Wing Right Wing Time % Phy DF OF
1 Marcus Kruger Chris Dingman Kyle Okposo 60 1 2 2
2 Cody Bass Jesse Joensuu Ryan Vesce 40 1 2 2
PowerPlay Defense
Defense Defense Time % Phy DF OF
1 Cory Murphy Clay Wilson 60 1 2 2
2 Raphael Diaz Cameron Schilling 40 1 2 2
Penalty Kill 4 Players Forward
Center Wing Time % Phy DF OF
1 Chris Dingman Kyle Okposo 60 1 2 2
2 Ryan Vesce Hugh Jessiman 40 1 2 2
Penalty Kill 4 Players Defense
Defense Defense Time % Phy DF OF
1 Cory Murphy Clay Wilson 60 1 2 2
2 Raphael Diaz Cameron Schilling 40 1 2 2
Penalty Kill - 3 Players Forward
Forward Time % Phy DF OF
1 Chris Dingman 60 1 2 2
2 Kyle Okposo 40 1 2 2
Penalty Kill - 3 Players Defense
Defense Defense Time % Phy DF OF
1 Cory Murphy Clay Wilson 60 1 2 2
2 Raphael Diaz Cameron Schilling 40 1 2 2
4 vs 4 Forward
Center Wing Time % Phy DF OF
1 Chris Dingman Kyle Okposo 60 1 2 2
2 Ryan Vesce Hugh Jessiman 40 1 2 2
4 vs 4 Defense
Defense Defense Time % Phy DF OF
1 Cory Murphy Clay Wilson 60 1 2 2
2 Raphael Diaz Cameron Schilling 40 1 2 2
Last Minutes Offensive
Center Left Wing Right Wing Defense Defense
Marcus Kruger Chris Dingman Kyle Okposo Cory Murphy Clay Wilson
Last Minutes Defensive
Center Left Wing Right Wing Defense Defense
Marcus Kruger Chris Dingman Kyle Okposo Cory Murphy Clay Wilson
Goaltenders
Starting : Ben Scrivens
Backup : Erik Ersberg
Extra Forwards
Normal : Matt Halischuk, Carl Hagelin, Corey Trivino - PP : Matt Halischuk, Carl Hagelin - PK : Corey Trivino
Extra Defensemen
Normal : Jared Spurgeon, Matt Pelech, Raphael Diaz - PP : Jared Spurgeon - PK : Matt Pelech, Raphael Diaz
Penalty Shots
Chris Dingman, Kyle Okposo, Ryan Vesce, Hugh Jessiman, Matt Halischuk
% Time on Ice - National
Lines # - Real PCT - Wanted PCT - Time Play
Normal Forward
1 - 37% - 40% - 17:16
2 - 27% - 30% - 12:24
3 - 22% - 20% - 10:19
4 - 14% - 10% - 6:19
Normal Defense
1 - 44% - 40% - 20:13
2 - 31% - 30% - 14:33
3 - 21% - 20% - 9:47
4 - 4% - 10% - 1:45
PP Forward
1 - 57% - 60% - 2:41
2 - 43% - 40% - 2:00
PP Defense
1 - 53% - 60% - 2:30
2 - 47% - 40% - 2:11
PK Forward
1 - 74% - 60% - 6:40
2 - 26% - 40% - 2:21
PK Defense
1 - 64% - 60% - 5:46
2 - 36% - 40% - 3:15
PK3 Forward
1 - 0% - 60%
2 - 0% - 40%
PK3 Defense
1 - 0% - 60%
2 - 0% - 40%
44 Forward
1 - 78% - 60% - 3:55
2 - 22% - 40% - 1:05
44 Defense
1 - 64% - 60% - 3:13
2 - 36% - 40% - 1:47
Last Minute Offensive - 0:00
Last Minute Defensive - 0:00
Total
Forward - 65:00
Defense - 65:00
|
% Time on Ice - Little Stars
Lines # - Real PCT - Wanted PCT - Time Play
Normal Forward
1 - 36% - 40% - 16:40
2 - 29% - 30% - 13:17
3 - 20% - 20% - 9:02
4 - 16% - 10% - 7:19
Normal Defense
1 - 42% - 40% - 19:32
2 - 33% - 30% - 15:27
3 - 21% - 20% - 9:39
4 - 4% - 10% - 1:40
PP Forward
1 - 60% - 60% - 5:23
2 - 40% - 40% - 3:38
PP Defense
1 - 67% - 60% - 6:03
2 - 33% - 40% - 2:58
PK Forward
1 - 86% - 60% - 4:01
2 - 14% - 40% - 0:40
PK Defense
1 - 64% - 60% - 3:00
2 - 36% - 40% - 1:41
PK3 Forward
1 - 100% - 60% - 1:26
2 - 0% - 40% - 0:00
PK3 Defense
1 - 70% - 60% - 1:00
2 - 30% - 40% - 0:26
44 Forward
1 - 80% - 60% - 2:52
2 - 20% - 40% - 0:42
44 Defense
1 - 35% - 60% - 1:15
2 - 65% - 40% - 2:19
Last Minute Offensive - 0:00
Last Minute Defensive - 0:00
Total
Forward - 65:00
Defense - 65:00
|
Play by Play
1st period
0:01 of 1st period - Marcus Kruger wins face-off versus Mikael Backlund in neutral zone.
0:14 of 1st period - Slapshot by Marcus Kruger.
0:14 of 1st period - Stopped by Tyler Plante with a rebound.
1:03 of 1st period - Johannes Salmonsson is hit by Hugh Jessiman and loses puck.
1:37 of 1st period - Denis Bodrov is hit by Ryan Vesce and loses puck.
2:04 of 1st period - Wrist shot by Jonathan Cheechoo.
2:04 of 1st period - Shot Misses the Net.
2:06 of 1st period - Slapshot by Pasi Salonen.
2:06 of 1st period - Goal by Pasi Salonen - National : 1 - Little Stars : 0.
2:07 of 1st period - Marcus Kruger wins face-off versus Mikael Backlund in neutral zone.
2:16 of 1st period - Wrist shot by Chris Dingman.
2:16 of 1st period - Stopped by Tyler Plante with a rebound.
2:18 of 1st period - Wrist shot by Chris Dingman.
2:18 of 1st period - Deflect By Janne Niskala.
2:18 of 1st period - Shot Misses the Net.
2:18 of 1st period - Puck is out of play.
2:19 of 1st period - Carl Hagelin wins face-off versus Marek Zagrapan in National zone.
2:24 of 1st period - Slapshot by Janne Niskala.
2:24 of 1st period - Shot Blocked by Jared Spurgeon.
2:55 of 1st period - Wrist shot by Mikael Backlund.
2:55 of 1st period - Stopped by Ben Scrivens with a rebound.
3:09 of 1st period - Wrist shot by Cody Bass.
3:09 of 1st period - Stopped by Tyler Plante with a rebound.
3:11 of 1st period - Snap shot by Jesse Joensuu.
3:11 of 1st period - Stopped by Tyler Plante with a rebound.
3:13 of 1st period - Wrist shot by Ryan Vesce.
3:13 of 1st period - Shot Blocked by Nick Schultz.
3:55 of 1st period - Wrist shot by Carl Hagelin.
3:55 of 1st period - Shot Misses the Net.
4:19 of 1st period - Snap shot by Mikael Backlund.
4:19 of 1st period - Stopped by Ben Scrivens with a rebound.
4:29 of 1st period - Dustin Kohn is hit by Ryan Vesce and loses puck.
4:50 of 1st period - Matt Pelech is hit by David Desharnais and loses puck.
5:18 of 1st period - Carl Hagelin is hit by Janne Niskala and loses puck.
5:45 of 1st period - Cameron Schilling is hit by Rico Fata.
6:13 of 1st period - Wrist shot by Kyle Okposo.
6:13 of 1st period - Shot Misses the Net.
6:15 of 1st period - Slapshot by Clay Wilson.
6:15 of 1st period - Shot Blocked by Janne Niskala.
6:17 of 1st period - Slapshot by Cory Murphy.
6:17 of 1st period - Shot Blocked by Janne Niskala.
6:19 of 1st period - Snap shot by Marcus Kruger.
6:19 of 1st period - Shot Misses the Net.
6:21 of 1st period - Snap shot by Kyle Okposo.
6:21 of 1st period - Shot Blocked by Igor Makarov.
6:23 of 1st period - Slapshot by Cory Murphy.
6:23 of 1st period - Shot Misses the Net.
6:29 of 1st period - Snap shot by Chris Dingman.
6:29 of 1st period - Shot Blocked by Janne Niskala.
6:31 of 1st period - Slapshot by Raphael Diaz.
6:31 of 1st period - Goal by Raphael Diaz - National : 1 - Little Stars : 1.
6:32 of 1st period - Mikael Backlund wins face-off versus Cody Bass in neutral zone.
6:57 of 1st period - Corey Trivino is hit by Pasi Salonen and loses puck.
7:16 of 1st period - Clay Wilson is hit by Marek Zagrapan and loses puck.
7:27 of 1st period - Johannes Salmonsson is hit by Cory Murphy and loses puck.
8:09 of 1st period - Mikael Backlund is hit by Kyle Okposo and loses puck.
8:18 of 1st period - Snap shot by Rico Fata.
8:18 of 1st period - Shot Misses the Net.
8:34 of 1st period - Alexander Vasyunov is hit by Marek Zagrapan and loses puck.
8:56 of 1st period - Wrist shot by Jonathan Matsumoto.
8:56 of 1st period - Shot Misses the Net.
8:58 of 1st period - Slapshot by Nick Schultz.
8:58 of 1st period - Deflect By Johannes Salmonsson.
8:58 of 1st period - Shot Misses the Net.
8:58 of 1st period - Puck is out of play.
8:59 of 1st period - Mikael Backlund wins face-off versus Cody Bass in Little Stars zone.
9:57 of 1st period - Wrist shot by Jonathan Matsumoto.
9:57 of 1st period - Stopped by Ben Scrivens with a rebound.
9:59 of 1st period - Wrist shot by Pat Dwyer.
9:59 of 1st period - Deflect By Johannes Salmonsson.
9:59 of 1st period - Stopped by Ben Scrivens without a rebound.
10:00 of 1st period - Cody Bass wins face-off versus Mikael Backlund in Little Stars zone.
10:00 of 1st period - Cody Bass is hit by Dustin Kohn.
10:06 of 1st period - Snap shot by Cory Murphy.
10:06 of 1st period - Stopped by Tyler Plante with a rebound.
10:08 of 1st period - Wrist shot by Jesse Joensuu.
10:08 of 1st period - Stopped by Tyler Plante without a rebound.
10:09 of 1st period - Mikael Backlund wins face-off versus Cody Bass in National zone.
10:15 of 1st period - Icing by Rico Fata.
10:16 of 1st period - Marcus Kruger wins face-off versus Mikael Backlund in National zone.
10:41 of 1st period - Guillaume Desbiens is hit by Cory Murphy and loses puck.
10:52 of 1st period - Wrist shot by Clay Wilson.
10:52 of 1st period - Shot Misses the Net.
11:29 of 1st period - Wrist shot by Jonathan Cheechoo.
11:29 of 1st period - Deflect By Pasi Salonen.
11:29 of 1st period - Stopped by Ben Scrivens without a rebound.
11:30 of 1st period - Marek Zagrapan wins face-off versus Marcus Kruger in Little Stars zone.
11:38 of 1st period - Minor Penalty to Matt Pelech for Goalie Interference.
11:39 of 1st period - Pasi Salonen wins face-off versus Chris Dingman in Little Stars zone.
11:45 of 1st period - Backhand shot by Marek Zagrapan.
11:45 of 1st period - Shot Blocked by Clay Wilson.
11:47 of 1st period - Snap shot by Jonathan Cheechoo.
11:47 of 1st period - Shot Blocked by Chris Dingman.
11:49 of 1st period - Slapshot by Nick Schultz.
11:49 of 1st period - Shot Blocked by Cory Murphy.
11:51 of 1st period - Wrist shot by Pasi Salonen.
11:51 of 1st period - Shot Blocked by Clay Wilson.
13:02 of 1st period - Slapshot by Ryan Vesce.
13:02 of 1st period - Stopped by Tyler Plante without a rebound.
13:03 of 1st period - Ryan Vesce wins face-off versus Jonathan Cheechoo in National zone.
13:38 of 1st period - Penalty to Matt Pelech is over, Matt Pelech is back on ice.
14:08 of 1st period - Wrist shot by Carl Hagelin.
14:08 of 1st period - Shot Misses the Net.
14:10 of 1st period - Snap shot by Clay Wilson.
14:10 of 1st period - Stopped by Tyler Plante without a rebound.
14:11 of 1st period - Marek Zagrapan wins face-off versus Corey Trivino in National zone.
14:25 of 1st period - Matt Halischuk is hit by Janne Niskala and loses puck.
14:43 of 1st period - Wrist shot by Pat Dwyer.
14:43 of 1st period - Shot Blocked by Kyle Okposo.
14:53 of 1st period - Minor Penalty to William Colbert for Tripping.
14:54 of 1st period - Marcus Kruger wins face-off versus Mikael Backlund in National zone.
14:55 of 1st period - Wrist shot by Chris Dingman.
14:55 of 1st period - Shot Misses the Net.
14:57 of 1st period - Slapshot by Kyle Okposo.
14:57 of 1st period - Shot Hit the Post.
15:40 of 1st period - Slapshot by Chris Dingman.
15:40 of 1st period - Deflect By Nick Schultz.
15:40 of 1st period - Shot Blocked by Janne Niskala.
15:40 of 1st period - Puck is out of play.
15:41 of 1st period - Mikael Backlund wins face-off versus Cody Bass in National zone.
16:53 of 1st period - Penalty to William Colbert is over, William Colbert is back on ice.
16:58 of 1st period - Snap shot by Hugh Jessiman.
16:58 of 1st period - Shot Misses the Net.
17:00 of 1st period - Snap shot by Hugh Jessiman.
17:00 of 1st period - Shot Misses the Net.
18:13 of 1st period - Jesse Joensuu is hit by Rico Fata and loses puck.
18:38 of 1st period - Chris Dingman is hit by Jonathan Cheechoo and loses puck.
19:03 of 1st period - Dustin Kohn is hit by Matt Halischuk and loses puck.
19:16 of 1st period - Jesse Joensuu is hit by Mikael Backlund and loses puck.
19:23 of 1st period - Slapshot by Rico Fata.
19:23 of 1st period - Shot Blocked by Raphael Diaz.
19:46 of 1st period - Snap shot by Marek Zagrapan.
19:46 of 1st period - Shot Blocked by Chris Dingman.
Goals for this period are 1 for National vs 1 for Little Stars.
Shots for this period are 6 for National vs 9 for Little Stars.
2nd period
0:01 of 2nd period - Mikael Backlund wins face-off versus Marcus Kruger in neutral zone.
0:06 of 2nd period - Wrist shot by Guillaume Desbiens.
0:06 of 2nd period - Goal by Guillaume Desbiens - National : 2 - Little Stars : 1.
0:07 of 2nd period - Mikael Backlund wins face-off versus Marcus Kruger in neutral zone.
0:20 of 2nd period - Snap shot by Kyle Okposo.
0:20 of 2nd period - Shot Misses the Net.
0:22 of 2nd period - Slapshot by Cory Murphy.
0:22 of 2nd period - Deflect By Chris Dingman.
0:22 of 2nd period - Shot Blocked by Rico Fata.
0:22 of 2nd period - Puck is out of play.
0:23 of 2nd period - Marek Zagrapan wins face-off versus Cody Bass in National zone.
0:30 of 2nd period - Cory Murphy is hit by Nick Schultz and loses puck.
0:35 of 2nd period - Snap shot by Pasi Salonen.
0:35 of 2nd period - Stopped by Ben Scrivens with a rebound.
0:57 of 2nd period - Slapshot by Cory Murphy.
0:57 of 2nd period - Shot Blocked by Rico Fata.
0:59 of 2nd period - Wrist shot by Marcus Kruger.
0:59 of 2nd period - Shot Misses the Net.
1:01 of 2nd period - Slapshot by Clay Wilson.
1:01 of 2nd period - Stopped by Tyler Plante with a rebound.
1:17 of 2nd period - Slapshot by Janne Niskala.
1:17 of 2nd period - Shot Misses the Net.
1:41 of 2nd period - Wrist shot by Igor Makarov.
1:41 of 2nd period - Stopped by Ben Scrivens without a rebound.
1:42 of 2nd period - Marcus Kruger wins face-off versus Mikael Backlund in Little Stars zone.
1:46 of 2nd period - Off-side.
1:47 of 2nd period - Mikael Backlund wins face-off versus Marcus Kruger in neutral zone.
2:00 of 2nd period - Snap shot by Marcus Kruger.
2:00 of 2nd period - Shot Misses the Net.
3:10 of 2nd period - Snap shot by Pasi Salonen.
3:10 of 2nd period - Shot Misses the Net.
3:12 of 2nd period - Slapshot by William Colbert.
3:12 of 2nd period - Deflect By Jonathan Cheechoo.
3:12 of 2nd period - Goal by Jonathan Cheechoo - National : 3 - Little Stars : 1.
3:13 of 2nd period - Marcus Kruger wins face-off versus Mikael Backlund in neutral zone.
3:45 of 2nd period - Slapshot by Cory Murphy.
3:45 of 2nd period - Stopped by Tyler Plante without a rebound.
3:45 of 2nd period - Minor Penalty to Tyler Plante for Slashing.
3:46 of 2nd period - Mikael Backlund wins face-off versus Kyle Okposo in National zone.
3:54 of 2nd period - Off-side.
3:55 of 2nd period - Marcus Kruger wins face-off versus Mikael Backlund in neutral zone.
4:00 of 2nd period - Wrist shot by Kyle Okposo.
4:00 of 2nd period - Stopped by Tyler Plante without a rebound.
4:01 of 2nd period - Mikael Backlund wins face-off versus Marcus Kruger in National zone.
4:16 of 2nd period - Slapshot by Clay Wilson.
4:16 of 2nd period - Stopped by Tyler Plante without a rebound.
4:17 of 2nd period - Mikael Backlund wins face-off versus Marcus Kruger in National zone.
4:22 of 2nd period - Wrist shot by Chris Dingman.
4:22 of 2nd period - Shot Blocked by Mikael Backlund.
5:45 of 2nd period - Penalty to Nick Schultz is over, Nick Schultz is back on ice.
5:59 of 2nd period - Wrist shot by Jonathan Matsumoto.
5:59 of 2nd period - Stopped by Ben Scrivens without a rebound.
6:00 of 2nd period - Corey Trivino wins face-off versus Jonathan Matsumoto in Little Stars zone.
6:11 of 2nd period - Slapshot by Nick Schultz.
6:11 of 2nd period - Shot Blocked by Matt Halischuk.
6:13 of 2nd period - Snap shot by Johannes Salmonsson.
6:13 of 2nd period - Shot Misses the Net.
6:15 of 2nd period - Wrist shot by Pat Dwyer.
6:15 of 2nd period - Shot Misses the Net.
6:44 of 2nd period - Slapshot by Cory Murphy.
6:44 of 2nd period - Stopped by Tyler Plante without a rebound.
6:45 of 2nd period - David Desharnais wins face-off versus Cody Bass in National zone.
7:12 of 2nd period - Wrist shot by Mikael Backlund.
7:12 of 2nd period - Shot Misses the Net.
7:14 of 2nd period - Snap shot by Denis Bodrov.
7:14 of 2nd period - Shot Blocked by Chris Dingman.
7:16 of 2nd period - Slapshot by Denis Bodrov.
7:16 of 2nd period - Stopped by Ben Scrivens without a rebound.
7:17 of 2nd period - Marcus Kruger wins face-off versus Mikael Backlund in Little Stars zone.
7:26 of 2nd period - Rico Fata is hit by Chris Dingman and loses puck.
7:30 of 2nd period - Icing by Nick Schultz.
7:31 of 2nd period - Rico Fata wins face-off versus Chris Dingman in National zone.
7:31 of 2nd period - Rico Fata is hit by Kyle Okposo.
7:53 of 2nd period - Wrist shot by Mikael Backlund.
7:53 of 2nd period - Shot Misses the Net.
7:55 of 2nd period - Slapshot by Guillaume Desbiens.
7:55 of 2nd period - Shot Misses the Net.
7:57 of 2nd period - Snap shot by Mikael Backlund.
7:57 of 2nd period - Shot Blocked by Cory Murphy.
7:59 of 2nd period - Snap shot by Rico Fata.
7:59 of 2nd period - Shot Blocked by Ryan Vesce.
8:01 of 2nd period - Wrist shot by Rico Fata.
8:01 of 2nd period - Shot Blocked by Clay Wilson.
8:03 of 2nd period - Slapshot by Nick Schultz.
8:03 of 2nd period - Stopped by Ben Scrivens without a rebound.
8:04 of 2nd period - Marek Zagrapan wins face-off versus Cody Bass in Little Stars zone.
8:29 of 2nd period - Ryan Vesce is hit by Igor Makarov and loses puck.
8:40 of 2nd period - Slapshot by Clay Wilson.
8:40 of 2nd period - Stopped by Tyler Plante with a rebound.
8:58 of 2nd period - Snap shot by Ryan Vesce.
8:58 of 2nd period - Goal by Ryan Vesce - National : 3 - Little Stars : 2.
8:59 of 2nd period - Mikael Backlund wins face-off versus Marcus Kruger in neutral zone.
9:04 of 2nd period - Wrist shot by Rico Fata.
9:04 of 2nd period - Stopped by Ben Scrivens with a rebound.
9:06 of 2nd period - Snap shot by Nick Schultz.
9:06 of 2nd period - Deflect By Guillaume Desbiens.
9:06 of 2nd period - Goal by Guillaume Desbiens - National : 4 - Little Stars : 2.
9:06 of 2nd period - Erik Ersberg enters game.
9:07 of 2nd period - Mikael Backlund wins face-off versus Marcus Kruger in neutral zone.
9:17 of 2nd period - Minor Penalty to Chris Dingman for Hooking.
9:18 of 2nd period - Corey Trivino wins face-off versus Mikael Backlund in Little Stars zone.
9:32 of 2nd period - Wrist shot by Mikael Backlund.
9:32 of 2nd period - Shot Misses the Net.
9:34 of 2nd period - Slapshot by Nick Schultz.
9:34 of 2nd period - Deflect By Clay Wilson.
9:34 of 2nd period - Stopped by Erik Ersberg with a rebound.
9:44 of 2nd period - Cory Murphy is hit by Janne Niskala and loses puck.
9:54 of 2nd period - Off-side.
9:55 of 2nd period - Landon Ferraro wins face-off versus Mikael Backlund in neutral zone.
10:10 of 2nd period - Cameron Schilling is hit by Mikael Backlund and loses puck.
10:57 of 2nd period - Marcus Kruger is hit by Pasi Salonen and loses puck.
11:12 of 2nd period - Clay Wilson is hit by Janne Niskala and loses puck.
11:17 of 2nd period - Penalty to Chris Dingman is over, Chris Dingman is back on ice.
11:26 of 2nd period - Minor Penalty to Johannes Salmonsson for Charging.
11:27 of 2nd period - Marcus Kruger wins face-off versus Mikael Backlund in National zone.
11:52 of 2nd period - Nick Schultz is hit by Ryan Vesce and loses puck.
11:57 of 2nd period - Backhand shot by Cody Bass.
11:57 of 2nd period - Shot Misses the Net.
11:59 of 2nd period - Snap shot by Cody Bass.
11:59 of 2nd period - Goal by Cody Bass - National : 4 - Little Stars : 3.
12:00 of 2nd period - Marcus Kruger wins face-off versus Mikael Backlund in neutral zone.
12:25 of 2nd period - Kyle Okposo is hit by Jonathan Matsumoto and loses puck.
12:36 of 2nd period - Snap shot by Johannes Salmonsson.
12:36 of 2nd period - Shot Blocked by Clay Wilson.
12:38 of 2nd period - Snap shot by Dustin Kohn.
12:38 of 2nd period - Stopped by Erik Ersberg without a rebound.
12:39 of 2nd period - Cody Bass wins face-off versus Mikael Backlund in Little Stars zone.
12:43 of 2nd period - Icing by Cameron Schilling.
12:44 of 2nd period - Cody Bass wins face-off versus Mikael Backlund in Little Stars zone.
13:15 of 2nd period - Snap shot by Carl Hagelin.
13:15 of 2nd period - Stopped by Tyler Plante with a rebound.
13:17 of 2nd period - Wrist shot by Cameron Schilling.
13:17 of 2nd period - Stopped by Tyler Plante without a rebound.
13:18 of 2nd period - Mikael Backlund wins face-off versus Marcus Kruger in National zone.
13:25 of 2nd period - Wrist shot by Kyle Okposo.
13:25 of 2nd period - Stopped by Tyler Plante with a rebound.
13:27 of 2nd period - Slapshot by Cory Murphy.
13:27 of 2nd period - Stopped by Tyler Plante with a rebound.
13:29 of 2nd period - Slapshot by Cory Murphy.
13:29 of 2nd period - Shot Blocked by Mikael Backlund.
13:31 of 2nd period - Snap shot by Clay Wilson.
13:31 of 2nd period - Stopped by Tyler Plante with a rebound.
13:33 of 2nd period - Snap shot by Cory Murphy.
13:33 of 2nd period - Goal by Cory Murphy - National : 4 - Little Stars : 4.
13:34 of 2nd period - Mikael Backlund wins face-off versus Marcus Kruger in neutral zone.
13:36 of 2nd period - Minor Penalty to Janne Niskala for Boarding.
13:37 of 2nd period - Mikael Backlund wins face-off versus Marcus Kruger in National zone.
13:49 of 2nd period - Snap shot by Chris Dingman.
13:49 of 2nd period - Shot Blocked by Erik Gustafsson.
13:51 of 2nd period - Slapshot by Cory Murphy.
13:51 of 2nd period - Deflect By Nick Schultz.
13:51 of 2nd period - Stopped by Tyler Plante with a rebound.
13:53 of 2nd period - Slapshot by Marcus Kruger.
13:53 of 2nd period - Goal by Marcus Kruger - National : 4 - Little Stars : 5.
13:54 of 2nd period - Mikael Backlund wins face-off versus Kyle Okposo in neutral zone.
14:04 of 2nd period - Snap shot by Clay Wilson.
14:04 of 2nd period - Shot Misses the Net.
14:20 of 2nd period - Janne Niskala is hit by Cody Bass.
14:26 of 2nd period - Slapshot by Nick Schultz.
14:26 of 2nd period - Stopped by Erik Ersberg with a rebound.
14:44 of 2nd period - Slapshot by Jonathan Matsumoto.
14:44 of 2nd period - Shot Misses the Net.
14:46 of 2nd period - Snap shot by Jonathan Matsumoto.
14:46 of 2nd period - Stopped by Erik Ersberg with a rebound.
14:48 of 2nd period - Slapshot by Denis Bodrov.
14:48 of 2nd period - Stopped by Erik Ersberg with a rebound.
14:50 of 2nd period - Wrist shot by Pat Dwyer.
14:50 of 2nd period - Shot Blocked by Raphael Diaz.
14:57 of 2nd period - Icing by Carl Hagelin.
14:58 of 2nd period - Magnus Paajarvi-Svensson wins face-off versus Landon Ferraro in Little Stars zone.
14:59 of 2nd period - Snap shot by David Desharnais.
14:59 of 2nd period - Stopped by Erik Ersberg with a rebound.
15:01 of 2nd period - Wrist shot by David Desharnais.
15:01 of 2nd period - Stopped by Erik Ersberg with a rebound.
16:29 of 2nd period - Slapshot by Janne Niskala.
16:29 of 2nd period - Deflect By Magnus Paajarvi-Svensson.
16:29 of 2nd period - Stopped by Erik Ersberg with a rebound.
16:37 of 2nd period - Snap shot by Igor Makarov.
16:37 of 2nd period - Shot Misses the Net.
17:11 of 2nd period - Wrist shot by Marek Zagrapan.
17:11 of 2nd period - Shot Misses the Net.
17:13 of 2nd period - Wrist shot by Marek Zagrapan.
17:13 of 2nd period - Stopped by Erik Ersberg with a rebound.
17:15 of 2nd period - Snap shot by Marek Zagrapan.
17:15 of 2nd period - Shot Misses the Net.
17:17 of 2nd period - Slapshot by Jonathan Cheechoo.
17:17 of 2nd period - Stopped by Erik Ersberg with a rebound.
17:48 of 2nd period - Wrist shot by Ryan Vesce.
17:48 of 2nd period - Shot Misses the Net.
18:25 of 2nd period - Icing by Cory Murphy.
18:26 of 2nd period - Marcus Kruger wins face-off versus Marek Zagrapan in Little Stars zone.
18:31 of 2nd period - Slapshot by Clay Wilson.
18:31 of 2nd period - Stopped by Tyler Plante with a rebound.
19:33 of 2nd period - Raphael Diaz is hit by William Colbert and loses puck.
Goals for this period are 3 for National vs 4 for Little Stars.
Shots for this period are 19 for National vs 17 for Little Stars.
3rd period
0:01 of 3rd period - Marcus Kruger wins face-off versus Mikael Backlund in neutral zone.
0:13 of 3rd period - Icing by Clay Wilson.
0:14 of 3rd period - Marcus Kruger wins face-off versus Marek Zagrapan in Little Stars zone.
0:31 of 3rd period - Wrist shot by Chris Dingman.
0:31 of 3rd period - Stopped by Tyler Plante with a rebound.
0:33 of 3rd period - Snap shot by Chris Dingman.
0:33 of 3rd period - Shot Blocked by Marek Zagrapan.
0:35 of 3rd period - Wrist shot by Marcus Kruger.
0:35 of 3rd period - Shot Misses the Net.
0:37 of 3rd period - Slapshot by Cory Murphy.
0:37 of 3rd period - Stopped by Tyler Plante without a rebound.
0:38 of 3rd period - Mikael Backlund wins face-off versus Cody Bass in National zone.
0:51 of 3rd period - Snap shot by Ryan Vesce.
0:51 of 3rd period - Stopped by Tyler Plante with a rebound.
0:53 of 3rd period - Wrist shot by Jesse Joensuu.
0:53 of 3rd period - Shot Blocked by Mikael Backlund.
0:59 of 3rd period - Minor Penalty to William Colbert for Cross-checking.
1:00 of 3rd period - Marcus Kruger wins face-off versus Mikael Backlund in National zone.
2:59 of 3rd period - Penalty to William Colbert is over, William Colbert is back on ice.
3:12 of 3rd period - Wrist shot by William Colbert.
3:12 of 3rd period - Stopped by Erik Ersberg without a rebound.
3:13 of 3rd period - Corey Trivino wins face-off versus Jonathan Matsumoto in Little Stars zone.
3:59 of 3rd period - Jesse Joensuu is hit by Guillaume Desbiens and loses puck.
4:11 of 3rd period - Icing by Cameron Schilling.
4:12 of 3rd period - Jonathan Cheechoo wins face-off versus Cody Bass in Little Stars zone.
4:13 of 3rd period - Backhand shot by Pasi Salonen.
4:13 of 3rd period - Stopped by Erik Ersberg with a rebound.
4:32 of 3rd period - Snap shot by Ryan Vesce.
4:32 of 3rd period - Stopped by Tyler Plante without a rebound.
4:33 of 3rd period - Marcus Kruger wins face-off versus Jonathan Matsumoto in National zone.
4:40 of 3rd period - Wrist shot by Kyle Okposo.
4:40 of 3rd period - Shot Misses the Net.
4:42 of 3rd period - Slapshot by Clay Wilson.
4:42 of 3rd period - Stopped by Tyler Plante with a rebound.
4:44 of 3rd period - Snap shot by Chris Dingman.
4:44 of 3rd period - Shot Blocked by Jonathan Matsumoto.
4:46 of 3rd period - Wrist shot by Marcus Kruger.
4:46 of 3rd period - Stopped by Tyler Plante with a rebound.
4:48 of 3rd period - Slapshot by Cory Murphy.
4:48 of 3rd period - Deflect By Chris Dingman.
4:48 of 3rd period - Stopped by Tyler Plante without a rebound.
4:49 of 3rd period - Mikael Backlund wins face-off versus Cody Bass in National zone.
4:54 of 3rd period - Wrist shot by Cody Bass.
4:54 of 3rd period - Shot Blocked by Janne Niskala.
4:56 of 3rd period - Wrist shot by Cody Bass.
4:56 of 3rd period - Shot Blocked by Mikael Backlund.
4:58 of 3rd period - Wrist shot by Cory Murphy.
4:58 of 3rd period - Stopped by Tyler Plante with a rebound.
5:00 of 3rd period - Snap shot by Ryan Vesce.
5:00 of 3rd period - Stopped by Tyler Plante with a rebound.
5:02 of 3rd period - Slapshot by Cory Murphy.
5:02 of 3rd period - Shot Blocked by Janne Niskala.
5:04 of 3rd period - Snap shot by Cody Bass.
5:04 of 3rd period - Goal by Cody Bass - National : 4 - Little Stars : 6.
5:05 of 3rd period - Mikael Backlund wins face-off versus Marcus Kruger in neutral zone.
5:08 of 3rd period - Wrist shot by Rico Fata.
5:08 of 3rd period - Shot Misses the Net.
5:10 of 3rd period - Slapshot by Nick Schultz.
5:10 of 3rd period - Stopped by Erik Ersberg with a rebound.
5:34 of 3rd period - Wrist shot by Jonathan Matsumoto.
5:34 of 3rd period - Shot Misses the Net.
5:36 of 3rd period - Wrist shot by Jonathan Matsumoto.
5:36 of 3rd period - Goal by Jonathan Matsumoto - National : 5 - Little Stars : 6.
5:37 of 3rd period - Guillaume Desbiens wins face-off versus Cody Bass in neutral zone.
5:42 of 3rd period - Snap shot by Guillaume Desbiens.
5:42 of 3rd period - Shot Misses the Net.
5:44 of 3rd period - Minor Penalty to Jesse Joensuu for Holding.
5:45 of 3rd period - Chris Dingman wins face-off versus Mikael Backlund in Little Stars zone.
5:54 of 3rd period - Snap shot by Guillaume Desbiens.
5:54 of 3rd period - Goal by Guillaume Desbiens - National : 6 - Little Stars : 6.
5:55 of 3rd period - Marcus Kruger wins face-off versus Mikael Backlund in neutral zone.
7:28 of 3rd period - Snap shot by Mikael Backlund.
7:28 of 3rd period - Shot Misses the Net.
7:30 of 3rd period - Wrist shot by Guillaume Desbiens.
7:30 of 3rd period - Goal by Guillaume Desbiens - National : 7 - Little Stars : 6.
7:31 of 3rd period - Mikael Backlund wins face-off versus Cody Bass in neutral zone.
7:41 of 3rd period - Slapshot by Janne Niskala.
7:41 of 3rd period - Shot Misses the Net.
7:43 of 3rd period - Wrist shot by Rico Fata.
7:43 of 3rd period - Stopped by Erik Ersberg with a rebound.
7:45 of 3rd period - Slapshot by Nick Schultz.
7:45 of 3rd period - Stopped by Erik Ersberg with a rebound.
7:47 of 3rd period - Slapshot by Rico Fata.
7:47 of 3rd period - Stopped by Erik Ersberg without a rebound.
7:48 of 3rd period - Marcus Kruger wins face-off versus Marek Zagrapan in Little Stars zone.
8:15 of 3rd period - Ryan Vesce is hit by Rico Fata and loses puck.
8:21 of 3rd period - Minor Penalty to Guillaume Desbiens for Hooking.
8:22 of 3rd period - Marcus Kruger wins face-off versus Mikael Backlund in National zone.
8:26 of 3rd period - Snap shot by Marcus Kruger.
8:26 of 3rd period - Stopped by Tyler Plante with a rebound.
8:28 of 3rd period - Snap shot by Chris Dingman.
8:28 of 3rd period - Shot Misses the Net.
8:30 of 3rd period - Slapshot by Clay Wilson.
8:30 of 3rd period - Stopped by Tyler Plante without a rebound.
8:31 of 3rd period - Marcus Kruger wins face-off versus Mikael Backlund in National zone.
8:46 of 3rd period - Wrist shot by Chris Dingman.
8:46 of 3rd period - Shot Blocked by Mikael Backlund.
8:52 of 3rd period - Backhand shot by Chris Dingman.
8:52 of 3rd period - Stopped by Tyler Plante with a rebound.
8:54 of 3rd period - Wrist shot by Kyle Okposo.
8:54 of 3rd period - Shot Blocked by Janne Niskala.
8:56 of 3rd period - Slapshot by Clay Wilson.
8:56 of 3rd period - Stopped by Tyler Plante with a rebound.
8:58 of 3rd period - Snap shot by Kyle Okposo.
8:58 of 3rd period - Deflect By Chris Dingman.
8:58 of 3rd period - Shot Misses the Net.
8:58 of 3rd period - Puck is out of play.
8:59 of 3rd period - Mikael Backlund wins face-off versus Cody Bass in National zone.
9:24 of 3rd period - Marek Zagrapan is hit by Chris Dingman and loses puck.
10:10 of 3rd period - Wrist shot by David Desharnais.
10:10 of 3rd period - Shot Misses the Net.
10:21 of 3rd period - Penalty to Guillaume Desbiens is over, Guillaume Desbiens is back on ice.
10:22 of 3rd period - Raphael Diaz is hit by Guillaume Desbiens and loses puck.
10:35 of 3rd period - Slapshot by Janne Niskala.
10:35 of 3rd period - Shot Blocked by Jared Spurgeon.
10:52 of 3rd period - Icing by Janne Niskala.
10:53 of 3rd period - Landon Ferraro wins face-off versus Jonathan Matsumoto in National zone.
11:04 of 3rd period - Slapshot by Clay Wilson.
11:04 of 3rd period - Deflect By Janne Niskala.
11:04 of 3rd period - Stopped by Tyler Plante without a rebound.
11:05 of 3rd period - Mikael Backlund wins face-off versus Kyle Okposo in National zone.
12:20 of 3rd period - Slapshot by Chris Dingman.
12:20 of 3rd period - Deflect By Kyle Okposo.
12:20 of 3rd period - Shot Hit the Post.
12:20 of 3rd period - Puck is out of play.
12:21 of 3rd period - Cody Bass wins face-off versus Mikael Backlund in National zone.
12:40 of 3rd period - Rico Fata is hit by Jesse Joensuu and loses puck.
12:56 of 3rd period - Off-side.
12:57 of 3rd period - Jonathan Cheechoo wins face-off versus Marcus Kruger in neutral zone.
13:22 of 3rd period - Jesse Joensuu is hit by Rico Fata and loses puck.
13:45 of 3rd period - Slapshot by Cory Murphy.
13:45 of 3rd period - Stopped by Tyler Plante with a rebound.
14:15 of 3rd period - Wrist shot by David Desharnais.
14:15 of 3rd period - Stopped by Erik Ersberg with a rebound.
14:27 of 3rd period - Matt Pelech is hit by William Colbert and loses puck.
14:32 of 3rd period - Slapshot by Nick Schultz.
14:32 of 3rd period - Shot Blocked by Jared Spurgeon.
14:34 of 3rd period - Wrist shot by Pasi Salonen.
14:34 of 3rd period - Stopped by Erik Ersberg with a rebound.
14:36 of 3rd period - Slapshot by Marek Zagrapan.
14:36 of 3rd period - Stopped by Erik Ersberg without a rebound.
14:37 of 3rd period - Mikael Backlund wins face-off versus Cody Bass in Little Stars zone.
14:46 of 3rd period - Slapshot by Mikael Backlund.
14:46 of 3rd period - Stopped by Erik Ersberg with a rebound.
15:37 of 3rd period - Slapshot by Pasi Salonen.
15:37 of 3rd period - Shot Misses the Net.
15:39 of 3rd period - Snap shot by Jonathan Cheechoo.
15:39 of 3rd period - Stopped by Erik Ersberg with a rebound.
15:41 of 3rd period - Wrist shot by Jonathan Cheechoo.
15:41 of 3rd period - Shot Blocked by Cameron Schilling.
16:06 of 3rd period - Off-side.
16:07 of 3rd period - Corey Trivino wins face-off versus Jonathan Matsumoto in neutral zone.
16:07 of 3rd period - Corey Trivino is hit by Jonathan Matsumoto.
16:16 of 3rd period - Minor Penalty to Dustin Kohn for Tripping.
16:17 of 3rd period - Cody Bass wins face-off versus Mikael Backlund in National zone.
16:29 of 3rd period - Wrist shot by Jesse Joensuu.
16:29 of 3rd period - Shot Misses the Net.
16:31 of 3rd period - Wrist shot by Ryan Vesce.
16:31 of 3rd period - Goal by Ryan Vesce - National : 7 - Little Stars : 7.
16:32 of 3rd period - Corey Trivino wins face-off versus Jonathan Matsumoto in neutral zone.
16:57 of 3rd period - Kyle Okposo is hit by Nick Schultz.
17:01 of 3rd period - Marcus Kruger is hit by Guillaume Desbiens and loses puck.
17:56 of 3rd period - Nick Schultz is hit by Matt Halischuk and loses puck.
18:05 of 3rd period - Snap shot by Jonathan Matsumoto.
18:05 of 3rd period - Stopped by Erik Ersberg with a rebound.
18:25 of 3rd period - Wrist shot by Mikael Backlund.
18:25 of 3rd period - Stopped by Erik Ersberg without a rebound.
18:26 of 3rd period - Jonathan Matsumoto wins face-off versus Marcus Kruger in Little Stars zone.
18:41 of 3rd period - Slapshot by Raphael Diaz.
18:41 of 3rd period - Shot Blocked by Nick Schultz.
18:51 of 3rd period - Johannes Salmonsson is hit by Cameron Schilling and loses puck.
19:20 of 3rd period - Mikael Backlund is hit by Marcus Kruger and loses puck.
19:26 of 3rd period - Minor Penalty to Chris Dingman for Hooking.
19:27 of 3rd period - Corey Trivino wins face-off versus Mikael Backlund in Little Stars zone.
19:51 of 3rd period - Landon Ferraro is hit by Marek Zagrapan and loses puck.
Goals for this period are 3 for National vs 2 for Little Stars.
Shots for this period are 16 for National vs 17 for Little Stars.
Overtime #1
0:01 of 1st overtime period - Corey Trivino wins face-off versus Mikael Backlund in neutral zone.
0:08 of 1st overtime period - Wrist shot by Clay Wilson.
0:08 of 1st overtime period - Deflect By Corey Trivino.
0:08 of 1st overtime period - Shot Misses the Net.
0:08 of 1st overtime period - Puck is out of play.
0:09 of 1st overtime period - Mikael Backlund wins face-off versus Corey Trivino in National zone.
0:18 of 1st overtime period - Slapshot by Cory Murphy.
0:18 of 1st overtime period - Stopped by Tyler Plante with a rebound.
0:24 of 1st overtime period - Slapshot by Mikael Backlund.
0:24 of 1st overtime period - Stopped by Erik Ersberg without a rebound.
0:25 of 1st overtime period - Mikael Backlund wins face-off versus Corey Trivino in Little Stars zone.
0:36 of 1st overtime period - Slapshot by Janne Niskala.
0:36 of 1st overtime period - Shot Blocked by Cory Murphy.
1:26 of 1st overtime period - Penalty to Chris Dingman is over, Chris Dingman is back on ice.
1:44 of 1st overtime period - Magnus Paajarvi-Svensson is hit by Kyle Okposo.
2:10 of 1st overtime period - Snap shot by Jonathan Cheechoo.
2:10 of 1st overtime period - Shot Blocked by Clay Wilson.
2:26 of 1st overtime period - Kyle Okposo is hit by Magnus Paajarvi-Svensson and loses puck.
2:39 of 1st overtime period - Cory Murphy is hit by William Colbert and loses puck.
3:02 of 1st overtime period - Icing by Ryan Vesce.
3:03 of 1st overtime period - Carl Hagelin wins face-off versus Marek Zagrapan in Little Stars zone.
3:08 of 1st overtime period - Slapshot by Cory Murphy.
3:08 of 1st overtime period - Deflect By Corey Trivino.
3:08 of 1st overtime period - Stopped by Tyler Plante without a rebound.
3:09 of 1st overtime period - Marek Zagrapan wins face-off versus Carl Hagelin in National zone.
3:14 of 1st overtime period - Slapshot by Nick Schultz.
3:14 of 1st overtime period - Shot Misses the Net.
3:28 of 1st overtime period - Snap shot by Carl Hagelin.
3:28 of 1st overtime period - Stopped by Tyler Plante without a rebound.
3:29 of 1st overtime period - Mikael Backlund wins face-off versus Chris Dingman in National zone.
4:08 of 1st overtime period - Backhand shot by Ryan Vesce.
4:08 of 1st overtime period - Stopped by Tyler Plante with a rebound.
4:45 of 1st overtime period - Slapshot by Raphael Diaz.
4:45 of 1st overtime period - Stopped by Tyler Plante with a rebound.
Goals for this period are 0 for National vs 0 for Little Stars.
Shots for this period are 1 for National vs 5 for Little Stars.
ShootOut
5:00 of 1st overtime period - Penalty Shot by Mikael Backlund for National.
5:00 of 1st overtime period - Wrist shot by Mikael Backlund.
5:00 of 1st overtime period - Stopped by Erik Ersberg.
5:00 of 1st overtime period - Penalty Shot by Chris Dingman for Little Stars.
5:00 of 1st overtime period - Backhand shot by Chris Dingman.
5:00 of 1st overtime period - Stopped by Tyler Plante.
5:00 of 1st overtime period - Penalty Shot by Marek Zagrapan for National.
5:00 of 1st overtime period - Backhand shot by Marek Zagrapan.
5:00 of 1st overtime period - Goal by Marek Zagrapan.
5:00 of 1st overtime period - Penalty Shot by Kyle Okposo for Little Stars.
5:00 of 1st overtime period - Snap shot by Kyle Okposo.
5:00 of 1st overtime period - Stopped by Tyler Plante.
5:00 of 1st overtime period - Penalty Shot by Guillaume Desbiens for National.
5:00 of 1st overtime period - Snap shot by Guillaume Desbiens.
5:00 of 1st overtime period - Stopped by Erik Ersberg.
5:00 of 1st overtime period - Penalty Shot by Ryan Vesce for Little Stars.
5:00 of 1st overtime period - Snap shot by Ryan Vesce.
5:00 of 1st overtime period - Stopped by Tyler Plante.
Output by the SimonT Hockey Simulator (STHS) for François Prévost -- Original Page W3C XHTML 1.0 Valid